 Dungeon Crawl Stone Soup version 0.22-a0-183-g9e71ff9 (webtiles) character file.

21 wolfsongas the Skirmisher (level 2, -2/33 HPs)
             Began as an Ogre Wanderer on Feb 14, 2018.
             Slain by a hobgoblin
             ... wielding a +0 club
              (5 damage)
             ... on level 1 of the Dungeon.
             The game lasted 00:01:06 (275 turns).

wolfsongas the Skirmisher (Ogre Wanderer)            Turns: 275, Time: 00:01:07

Health: -2/33      AC:  3    Str: 14    XL:     2   Next: 87%
Magic:  3/3        EV: 10    Int: 13    God:
Gold:   18         SH:  0    Dex:  9    Spells: 1/1 levels left

rFire    . . .     SeeInvis .   (no weapon)
rCold    . . .     Gourm    .   (no shield)
rNeg     . . .     Faith    .   e - +0 robe
rPois    .         Spirit   .   (helmet restricted)
rElec    .         Reflect  .   (no cloak)
rCorr    .         Harm     .   (gloves unavailable)
MR       .....                  (boots unavailable)
Stlth    +.........             (no amulet)
HPRegen  0.11/turn              (no ring)
MPRegen  0.08/turn              (no ring)

@: no status effects
A: large, unfitting armour, tough skin 1
a: no special abilities


You were on level 1 of the Dungeon.
You were not hungry.

You visited 1 branch of the dungeon, and saw 1 of its levels.

You collected 18 gold pieces.

Inventory:

Hand Weapons
 a - a +2 shortbow
Missiles
 c - 20 arrows
Armour
 e - a +0 robe (worn)
Wands
 d - a wand of random effects (15)
Scrolls
 b - 3 scrolls of identify {unknown}
Potions
 g - a potion of haste
 i - a potion of cancellation {unknown}
Comestibles
 f - 2 rations
 h - 11 chunks of flesh


   Skills:
 + Level 4.7 Fighting
   Level 1.0 Axes
 - Level 1.0 Bows
 + Level 3.2 Dodging
 - Level 1.5 Evocations


You had one spell level left.
You didn't know any spells.

Dungeon Overview and Level Annotations

Branches:
Dungeon (1/15)

Altars:


Innate Abilities, Weirdness & Mutations

You are too large for most types of armour.
You have tough skin. (AC +1)


Message History

You are too injured to fight recklessly!
You are too injured to fight recklessly!
You are too injured to fight recklessly!
You are too injured to fight recklessly!
You are too injured to fight recklessly!
You are too injured to fight recklessly!
You are too injured to fight recklessly!
You are too injured to fight recklessly!
You hit the hobgoblin.
The hobgoblin is heavily wounded.
The hobgoblin hits you with a club.
* * * LOW HITPOINT WARNING * * *
You hit the hobgoblin but do no damage.
The hobgoblin is heavily wounded.
The hobgoblin hits you with a club.
* * * LOW HITPOINT WARNING * * *
You hit the hobgoblin but do no damage.
The hobgoblin is heavily wounded.
The hobgoblin hits you with a club.
You die...

#.....#.#...............
#.###.#..........##.....
# #.>..>.....)#.##.....
##..##..........#[....
#....###.............#.
#.##.. ##..............
.. ##.#####............
#.g)# #..........#
#@###..........#
#.#..............
#...#..........#.
###..............
#.............##
#..............#
....#....######.#
##.##...## .. .. ##..#


You could see a hobgoblin.

Vanquished Creatures
  A dart slug (D:1)
  2 giant cockroaches (D:1)
  5 goblins (D:1)
  2 hobgoblins (D:1)
  3 kobolds (D:1)
  3 bats (D:1)
16 creatures vanquished.

Notes
Turn   | Place    | Note
-------+----------+-------------------------------------------
     0 | D:1      | wolfsongas the Ogre Wanderer began the quest for the Orb.
     0 | D:1      | wolfsongas set off with: a +2 shortbow, 23 arrows, a potion of lignification, a wand of random effects (15), a +0 robe, a ration
     0 | D:1      | Reached XP level 1. HP: 24/24 MP: 2/2
    65 | D:1      | Reached XP level 2. HP: 22/33 MP: 3/3
   275 | D:1      | Slain by a hobgoblin

Vault maps used:
D:1:      tarquinn_simple_flora_water_f

Skill      XL: |  1 |
---------------+----+-----
Dodging        | 3 |  3.2
Fighting       | |  4.7
Axes           | |  1.0
Bows           | |  1.0
Evocations     | |  1.5

Action                   || total
-------------------------++-------
Melee: Unarmed           ||    52
 Fire: Shortbow          ||    29
  Use: Potion            ||     4
Armor: Robe              ||    24
       Skin              ||    19
Dodge: Dodged            ||    42

Table legend:
 A = Spawn XP
 B = Non-spawn XP
 C = Spawn XP percentage of total XP
 D = Spawn monster count
 E = Non-spawn monster count
 F = Spawn count percentage of total count
 G = Total turns spent on level
                    A         B        C        D         E        F      G
               +---------+---------+-------+---------+---------+-------+---------
         Total |       0 |      31 |   0.0 |       0 |      16 |   0.0 |   275
               +---------+---------+-------+---------+---------+-------+---------
           D:1 |       0 |      31 |   0.0 |       0 |      16 |   0.0 |   275
               +---------+---------+-------+---------+---------+-------+---------
